 Dungeon Crawl Stone Soup version 0.27.1-36-g1b1ada6b1e (webtiles) character file.

Game seed: 2116097256978907514

77760 KleinerIrrer the Brawler (level 15, -2/103 HPs)
             Began as an Octopode Delver on Feb 8, 2023.
             Was an Initiate of Gozag.
             Slain by an efreet (17 damage)
             ... on level 3 of the Abyss.
             The game lasted 01:56:52 (41297 turns).

KleinerIrrer the Brawler (Octopode Delver)         Turns: 41297, Time: 01:56:54

Health: -2/103     AC: 13    Str: 22    XL:     15   Next: 58%
Magic:  21/21      EV: 21    Int: 23    God:    Gozag
Gold:   67         SH:  0    Dex: 17    Spells: 13/23 levels left

rFire    + + .     SeeInvis .   y - +6 trident of Terror {protect, rElec rF+ Dex+4}
rCold    + . .     Faith    .   (no shield)
rNeg     + + .     Spirit   .   (helmet currently unavailable)
rPois    +         Reflect  +   C - amulet of reflection
rElec    +         Harm     .   D - +6 ring of intelligence
rCorr    .         Rampage  .   R - +4 ring of protection
Will     +....                  K - +6 ring of strength
Stlth    ++........             H - ring of positive energy
HPRegen  0.27/turn              L - ring of positive energy
MPRegen  0.17/turn              P - ring of protection from fire
                                b - +4 ring of protection
                                O - +4 ring of protection

@: confused, about to teleport, appendages, ambrosia-drunk, studying Dodging
A: tentacle spike 3, almost no armour, amphibious, 8 rings, camouflage 1,
gelatinous body 1, (nimble swimmer 1), tentacles, clever 1, cold resistance 1,
deterioration 1, poison resistance
a: End Transformation, Renounce Religion, Potion Petition, Call Merchant, Bribe
Branch


You were on level 3 of the Abyss.
You worshipped Gozag.
Gozag was noncommittal.
One of your tentacles had grown a beastly spike.
You visited 4 branches of the dungeon, and saw 22 of its levels.
You visited the Abyss 1 time.
You also visited: Bailey.

You collected 7556 gold pieces.
You spent 5368 gold pieces at shops.
You paid 2121 gold pieces to Gozag.

Inventory:

Hand Weapons
 y - the +6 trident of Terror (weapon) {protect, rElec rF+ Dex+4}
   (You found it on level 7 of the Dungeon)

   It grants its wielder temporary protection when it strikes (+7 to AC).
   Dex:       It affects your dexterity (+4).
   rF:        It protects you from fire.
   rElec:     It insulates you from electricity.
Missiles
 l - 9 poisoned darts (quivered)
 s - 4 curare-tipped darts
 t - 15 javelins
Jewellery
 b - a +4 ring of protection (on tentacle)
 j - a ring of fire
 q - a ring of resist corrosion
 v - a ring of fire
 C - an amulet of reflection (around mantle)
 D - a +6 ring of intelligence (left tentacle)
 F - a ring of ice
 H - a ring of positive energy (on tentacle)
 J - a +6 ring of intelligence
 K - a +6 ring of strength (on tentacle)
 L - a ring of positive energy (on tentacle)
 O - a +4 ring of protection (on tentacle)
 P - a ring of protection from fire (on tentacle)
 Q - a ring of wizardry
 R - a +4 ring of protection (right tentacle)
Wands
 e - a wand of digging (7)
 i - a wand of iceblast (8)
 o - a wand of acid (4)
 x - a wand of flame (10)
 G - a wand of polymorph (19)
Scrolls
 f - 5 scrolls of enchant weapon
 g - 2 scrolls of immolation
 h - 3 scrolls of noise
 r - a scroll of identify
 w - 5 scrolls of amnesia
 A - 3 scrolls of enchant armour
 M - 2 scrolls of magic mapping
 N - a scroll of holy word
Potions
 a - a potion of berserk rage
 d - 3 potions of haste
 k - 2 potions of flight
 m - 2 potions of attraction
 n - 3 potions of resistance
 u - a potion of ambrosia
 z - a potion of mutation
 B - 2 potions of might
 E - 3 potions of cancellation
 I - a potion of curing
Miscellaneous
 c - a piece from Xom's chessboard (15/15)


   Skills:
 + Level 9.9 Fighting
 - Level 0.8 Throwing
 + Level 14.1 Dodging
 - Level 6.6 Stealth
 - Level 0.1 Shields
 - Level 19.5 Unarmed Combat
 + Level 4.6 Spellcasting
 * Level 7.3 Transmutations


You had 13 spell levels left.
You knew the following spells:

 Your Spells              Type           Power      Damage    Failure   Level
a - Beastly Appendage     Tmut           78%        N/A       1%          1
b - Wereblood             Tmut           39%        N/A       1%          2
c - Dragon Form           Tmut           19%        N/A       99%         7

Your spell library contained the following spells:

 Spells                   Type           Power      Damage    Failure   Level
 Spider Form              Tmut/Pois      11%        N/A       6%          3
 Animate Skeleton         Necr           10%        N/A       10%         1
 Apportation              Tloc           10%        N/A       10%         1
 Corona                   Hex            5%         N/A       10%         1
 Pain                     Necr           20%        1d5       10%         1
 Summon Small Mammal      Summ           20%        N/A       10%         1
 Stone Arrow              Conj/Erth      10%        3d7       30%         3
 Alistair's Intoxication  Tmut/Pois      14%        N/A       52%         5
 Cause Fear               Hex            2%         N/A       69%         4
 Agony                    Necr           5%         N/A       95%         5
 Borgnjor's Vile Clutch   Necr/Erth      2%         N/A       95%         5
 Excruciating Wounds      Necr           2%         N/A       95%         5
 Eringya's Noxious Bog    Tmut/Pois      11%        N/A       97%         6
 Lehudib's Crystal Spear  Conj/Erth      2%         10d2      100%        8
 Dragon's Call            Summ           2%         N/A       100%        9
 Animate Armour           Summ/Erth      Unusable   N/A       N/A         4

Dungeon Overview and Level Annotations

Branches:
Dungeon (14/15)            Temple (1/1) D:7            Lair (5/6) D:8
 Shoals (0/4) Lair:3        Snake (0/4) Lair:3        Slime (0/5) Lair:5
    Orc (2/2) D:10            Elf (0/3) Orc:2        Bailey (visited)
 Vaults: D:13-14

Altars:
Ashenzari
Cheibriados
Elyvilon
Fedhas
Gozag
Hepliaklqana
Kikubaaqudgha
Makhleb
Nemelex Xobeh
Okawaru
Qazlal
Ru
Sif Muna
Trog
Uskayaw
Vehumet
Wu Jian
Xom
Yredelemnul
Zin
The Shining One
Beogh

Shops:
D:5 *   D:9 :?   D:10 =*   Orc:2 :*(?(

Portals:
Pandemonium: Orc:2
Trove: D:13 (give +8 demon trident)

Annotations:
D:10 exclusion: downstairs
D:13 22 runed doors, 1 exclusion
Lair:1 1 runed translucent door, Froggeryz's ghost, journeyman OpBe
Lair:3 exclusion: oklob plant
Lair:4 exclusion: oklob plant


Innate Abilities, Weirdness & Mutations

One of your tentacles has grown a beastly spike.
You cannot wear most types of armour.
You are amphibious.
You can wear up to eight rings at the same time.
Your skin changes colour to match your surroundings (Stealth+).
Your rubbery body absorbs attacks. (AC +1, EV +1)
((You are camouflaged near water. (Stealth+)))
You have tentacles for arms and can constrict up to eight enemies at once.
Your mind is acute. (Int +2)
Your flesh is cold resistant. (rC+)
Your body sometimes deteriorates upon taking damage.
Your system is resistant to poisons. (rPois)


Message History

A spatial vortex comes into view.
The starspawn tentacle barely misses you.
The neqoxec hits the bush but does no damage.
The starspawn tentacle grabs you. The starspawn tentacle constricts you.
The starspawn tentacle loses its grip on you.
The tentacle pulls you backwards!
The spatial vortex moves out of view.
Okay, then.
Okay, then.
Okay, then.
Saving game... please wait.
Welcome back, KleinerIrrer the Octopode Delver.
Gozag says: Greed is good.
Press ? for a list of commands and other information.
Okay, then.
Okay, then.
The spatial vortex completely misses the bush.
A spatial vortex comes into view.
The hell knight casts a spell.
The hell knight seems to speed up.
The black draconian breathes lightning at you.
The bolt of lightning hits you! You resist.
* * * LOW HITPOINT WARNING * * *
The bolt of lightning hits you! You resist.
* * * LOW HITPOINT WARNING * * *
The bolt of lightning hits the black draconian.
The black draconian completely resists.
The spatial vortex hits the bush!!
The efreet gestures at you. The bolt of fire hits you. You resist.
* * * LOW HITPOINT WARNING * * *
Okay, then.
Okay, then.
Okay, then.
Okay, then.
You are confused.
You feel invigorated.
The black draconian hits you with a +0 short sword.
* * * LOW HITPOINT WARNING * * *
The efreet hits you with a +1 scimitar of flaming!
You die...
Your body crumbles into a pile of gold.

...P..#.p ...
.....p#.## #....
PPP..#§.#
#.....PPP.....#
......P∩P.vp.### .
...PPPP......#.
..#....PPP..#.#v.
##........d# . ##
.#....3..@#.#..
### #...#.#R#(..##
#v##
#.<###.##.#..## .
#.# .°#..v. ..# #
.#..#3..##..#§#.#.
#.....d.v..#.####
....#... .##.# ##
......#.R.# ... #
.#....#.○... ##.#


You could see a black draconian, 2 hell knights, 2 spatial vortices, an efreet,
a neqoxec and a ynoxinul.

Vanquished Creatures
  An orc warlord (Orc:2)
  Azrael (D:13)
  3 boulder beetles
  7 hydras
  A vault guard (D:13)
  4 centaur warriors
  2 two-headed ogres (D:13)
  Erica (D:10)
  A tengu warrior (D:14)
  9 orc high priests (Orc:2)
  2 soul eaters (Orc:2)
  A sun demon (Orc:2)
  A sixfirhy (Orc:2)
  2 gelid demonspawn (Orc:2)
  A deep elf archer (D:13)
  A wizard (D:14)
  6 orc knights
  Pikel (D:8)
  10 orc sorcerers
  2 ugly things (D:13)
  2 manticores
  6 cyclopes
  A wolf spider (D:14)
  A worldbinder (Abyss:3)
  2 centaur zombies
  5 elephants
  Maurice (Orc:1)
  A black mamba (Lair:5)
  2 molten gargoyles (Lair:4)
  A gargoyle (D:8)
  7 cane toads
  11 komodo dragons
  An unseen horror (D:12)
  An efreet (D:14)
  A tengu conjurer (D:13)
  2 freezing wraiths (D:14)
  A hellwing (Orc:2)
  A meliai (D:14)
  2 polar bears
  6 trolls
  Prince Ribbit (D:7)
  21 blink frogs
  5 slime creatures
  7 dream sheep (Lair:4)
  A centaur simulacrum (D:14)
  A large abomination (Abyss:3)
  A shadow (D:11)
  5 wyverns
  A vampire (D:9)
  44 yaks
  A fire elemental (D:13)
  3 basilisks
  7 wraiths
  A chaos spawn (Orc:2)
  A redback simulacrum (D:14)
  A steam dragon (Lair:4)
  A vampire mosquito (D:14)
  7 wargs
  5 acid dragons
  7 water moccasins
  4 hell hounds (D:13)
  3 ice beasts
  40 orc warriors
  A sky beast (D:6)
  A black bear (D:7)
  2 necrophages
  12 wolves
  5 ogres
  A lemure (D:8)
  A phantom (D:7)
  10 centaurs
  A kobold brigand (D:9)
  9 bullfrogs
  A gnoll sergeant (D:11)
  A wyvern skeleton (D:6)
  2 scorpions
  A water moccasin zombie (D:5)
  A water moccasin skeleton (D:4)
  6 killer bees (D:10)
  A howler monkey (D:8)
  9 wights
  3 electric eels
  A bullfrog zombie (D:6)
  5 lava snakes (Lair:4)
  A jelly (Lair:5)
  4 hounds
  26 orc priests
  Jessica (D:2)
  A centaur skeleton (D:6)
  2 hell rats (Lair:3)
  An iguana (D:7)
  Natasha (thrice) (D:3)
  20 orc wizards
  A killer bee zombie (D:5)
  A howler monkey zombie (D:9)
  19 gnolls
  11 adders
  9 river rats (Lair:3)
  A shadow imp (D:6)
  2 ufetubi (D:4)
  3 worms
  77 orcs
  6 ball pythons
  6 endoplasms
  5 giant cockroaches
  6 hobgoblins
  2 quokkas
  7 bats
  3 frilled lizards
  8 goblins
  8 kobolds
  8 rats
596 creatures vanquished.

Vanquished Creatures (others)
  A wight (D:8)
  An orc priest (Orc:1)
  3 orcs
  6 demonic plants (Abyss:3)
  47 fungi
  52 plants
  3 starspawn tentacles (Abyss:3)
113 creatures vanquished.

Grand Total: 709 creatures vanquished

Notes
Turn   | Place    | Note
-------+----------+-------------------------------------------
     0 | D:5      | KleinerIrrer the Octopode Delver began the quest for the
                  | Orb.
     0 | D:5      | Reached XP level 1. HP: 16/16 MP: 1/1
    19 | D:5      | Noticed a water moccasin zombie
    19 | D:5      | Noticed a hound
    38 | D:5      | Killed a water moccasin zombie
    39 | D:5      | Reached skill level 4 in Unarmed Combat
    39 | D:5      | Reached XP level 2. HP: 11/21 MP: 2/2
    39 | D:5      | Reached XP level 3. HP: 14/26 MP: 3/3
   192 | D:5      | Reached XP level 4. HP: 25/31 MP: 4/4
   515 | D:5      | Noticed a necrophage
   521 | D:5      | Reached skill level 5 in Unarmed Combat
   526 | D:5      | Found Osofi's Elemental Accessories.
   545 | D:4      | Reached XP level 5. HP: 36/36 MP: 5/5
   572 | D:4      | Noticed an ogre
  1153 | D:4      | Killed an ogre
  1154 | D:4      | Reached skill level 6 in Unarmed Combat
  1154 | D:4      | Reached XP level 6. HP: 42/42 MP: 6/6
  1206 | D:4      | Found a sparkling altar of Nemelex Xobeh.
  1489 | D:5      | Killed a necrophage
  1490 | D:5      | Reached skill level 7 in Unarmed Combat
  1490 | D:5      | Reached XP level 7. HP: 40/46 MP: 7/7
  1641 | D:3      | Found an ornate altar of the Wu Jian Council.
  2213 | D:2      | Noticed Jessica
  2217 | D:2      | Killed Jessica
  2460 | D:2      | Reached skill level 8 in Unarmed Combat
  3594 | D:3      | Noticed Natasha
  3608 | D:3      | Killed Natasha
  3629 | D:3      | Noticed Natasha
  3636 | D:3      | Killed Natasha
  3684 | D:3      | Found a snail-covered altar of Cheibriados.
  3863 | D:3      | Noticed Natasha
  3867 | D:3      | Killed Natasha
  3969 | D:3      | Found a radiant altar of Vehumet.
  4219 | D:5      | Reached skill level 9 in Unarmed Combat
  4219 | D:5      | Reached XP level 8. HP: 49/52 MP: 8/8
  4220 | D:5      | Found a blossoming altar of Fedhas.
  4248 | D:5      | Found a hazy altar of Hepliaklqana.
  4343 | D:5      | Found an ancient bone altar of Kikubaaqudgha.
  4700 | D:5      | Found a white marble altar of Elyvilon.
  4891 | D:5      | Found a burning altar of Makhleb.
  5483 | D:5      | Reached skill level 11 in Unarmed Combat
  5483 | D:5      | Reached XP level 9. HP: 65/65 MP: 9/9
  6246 | D:6      | Reached skill level 12 in Unarmed Combat
  6926 | D:7      | Identified the +6 trident of Terror {protect, rElec rF+
                  | Dex+4}
  6972 | D:7      | Found a staircase to the Ecumenical Temple.
  6981 | Temple   | Entered the Ecumenical Temple
  7084 | Temple   | Became a worshipper of Gozag Ym Sagoz the Greedy
  7112 | D:7      | Noticed a troll
  7179 | D:7      | Killed a troll
  7250 | D:7      | Reached XP level 10. HP: 72/72 MP: 10/10
  7324 | D:7      | Noticed Prince Ribbit
  7630 | D:7      | Killed Prince Ribbit
  7785 | D:7      | Reached skill level 13 in Unarmed Combat
  8285 | D:8      | Noticed a gargoyle
  8298 | D:8      | Killed a gargoyle
  9988 | D:8      | Found a glowing silver altar of Zin.
 10005 | D:8      | Found a basalt altar of Yredelemnul.
 10015 | D:8      | Found a glowing golden altar of the Shining One.
 10037 | D:8      | Found a staircase to the Lair.
 10325 | D:8      | Noticed Pikel
 10334 | D:8      | Killed Pikel
 10484 | D:8      | Found a bloodstained altar of Trog.
 10552 | D:8      | Noticed an angel
 11772 | D:9      | Bought a scroll of fog for 22 gold pieces
 11772 | D:9      | Bought a scroll of fear for 38 gold pieces
 11772 | D:9      | Bought a scroll of identify for 22 gold pieces
 11772 | D:9      | Bought a scroll of teleportation for 33 gold pieces
 11772 | D:9      | Bought a scroll of identify for 22 gold pieces
 11772 | D:9      | Bought 2 scrolls of teleportation for 66 gold pieces
 11772 | D:9      | Bought a scroll of identify for 22 gold pieces
 11777 | D:10     | Entered Level 10 of the Dungeon
 11851 | D:10     | Found Bootud's Assorted Antiques.
 11857 | D:10     | Found a flagged portal.
 11859 | D:10     | Bought a knobbly brass ring for 185 gold pieces
 11874 | Bailey   | Entered a bailey
 12517 | D:10     | Reached XP level 11. HP: 43/77 MP: 11/11
 12518 | D:10     | Reached skill level 14 in Unarmed Combat
 12879 | D:10     | Found a stormy altar of Qazlal.
 12969 | D:10     | Found a broken altar of Ashenzari.
 13296 | D:10     | Found a staircase to the Orcish Mines.
 13389 | Orc:1    | Entered Level 1 of the Orcish Mines
 13780 | Orc:1    | Noticed Erica
 13884 | Lair:1   | Entered Level 1 of the Lair of Beasts
 14746 | Lair:1   | Found a runed translucent door.
 14747 | Lair:1   | Identified the +9 spear of Xurav {elec, rPois Stlth+}
 14749 | Lair:1   | Noticed Froggeryz's ghost (journeyman OpBe)
 14975 | Lair:1   | You fall into a shaft and drop 1 floor!
 15383 | Lair:3   | Found a staircase to the Shoals.
 15757 | Lair:3   | Found a staircase to the Snake Pit.
 15988 | Lair:3   | Noticed an oklob plant
 16799 | Lair:2   | Found a white marble altar of Elyvilon.
 17141 | Lair:3   | Reached skill level 15 in Unarmed Combat
 17556 | Lair:2   | Noticed a six-headed hydra
 17566 | Lair:2   | Killed a six-headed hydra
 17660 | Lair:2   | Reached XP level 12. HP: 70/84 MP: 12/12
 17893 | Lair:1   | Noticed an eight-headed hydra
 17907 | Lair:1   | Killed an eight-headed hydra
 19577 | Lair:2   | Reached skill level 16 in Unarmed Combat
 21445 | Lair:4   | Reached skill level 17 in Unarmed Combat
 21807 | Lair:4   | Reached XP level 13. HP: 90/90 MP: 13/13
 23006 | D:10     | Gained mutation: Your system is resistant to poisons.
                  | (rPois) [potion of mutation]
 23006 | D:10     | Gained mutation: Your flesh is cold resistant. (rC+)
                  | [potion of mutation]
 23006 | D:10     | Gained mutation: Your mind is acute. (Int +2) [potion of
                  | mutation]
 23285 | Lair:5   | Found a staircase to the Slime Pits.
 23834 | D:9      | Bought 3 scrolls of acquirement for 1716 gold pieces
 23836 | D:9      | Acquired a manual of Dodging
 23838 | D:9      | Acquired 329 gold pieces
 23839 | D:9      | Acquired 1059 gold pieces
 23843 | D:9      | Bought a book of Cantrips for 272 gold pieces
 23843 | D:9      | Bought a book of Changes for 306 gold pieces
 23845 | D:9      | Learned a level 1 spell: Beastly Appendage
 24104 | Lair:5   | Learned a level 2 spell: Wereblood
 24135 | Lair:5   | Identified the +8 whip "Cecveac" {antimagic, Dex+7}
 24422 | Lair:5   | Reached skill level 10 in Dodging
 25299 | D:10     | Killed Erica
 26026 | D:10     | Reached skill level 1 in Transmutations
 26672 | Orc:1    | You fall into a shaft and drop 1 floor!
 26672 | Orc:2    | Entered Level 2 of the Orcish Mines
 26672 | Orc:2    | Found Askas's Magic Scroll Emporium.
 26672 | Orc:2    | Found Ixyqis's General Store.
 26687 | Orc:2    | Noticed an orc warlord
 26690 | Orc:2    | Found a staircase to the Elven Halls.
 26898 | Orc:2    | Reached skill level 18 in Unarmed Combat
 26916 | Orc:2    | Found Ockulat's Weapon Shop.
 27090 | Orc:1    | Noticed Maurice
 27627 | Orc:1    | Killed Maurice
 29561 | Orc:2    | Reached XP level 14. HP: 92/97 MP: 12/14
 29812 | Orc:2    | Paralysed by an orc sorcerer for 7 turns
 30243 | Orc:2    | Killed an orc warlord
 31150 | Orc:2    | Bought a scroll of fear for 59 gold pieces
 31150 | Orc:2    | Bought a scroll of magic mapping for 59 gold pieces
 31730 | Orc:2    | Reached skill level 19 in Unarmed Combat
 32490 | Orc:2    | Found Onga's Antique Weapon Boutique.
 32490 | Orc:2    | Found Tiaxt's Book Shop.
 32491 | Orc:2    | Found a one-way gate leading to the halls of Pandemonium.
 33267 | D:9      | Bought a book of the Dragon for 782 gold pieces
 33275 | D:9      | Learned a level 7 spell: Dragon Form
 33504 | D:10     | Bought a +4 ring of protection for 504 gold pieces
 34592 | D:11     | Noticed an emperor scorpion
 34592 | D:11     | a seven-headed hydra changed into an emperor scorpion
 35143 | D:12     | Reached skill level 1 in Spellcasting
 36078 | D:10     | Bought a ring of resist corrosion for 280 gold pieces
 36550 | Orc:2    | Bought a scroll of identify for 28 gold pieces
 36550 | Orc:2    | Bought a scroll of identify for 28 gold pieces
 36926 | D:13     | Found a portal to a secret trove of treasure.
 37005 | D:13     | Reached XP level 15. HP: 103/103 MP: 16/18
 37051 | D:13     | Found a huge runed gate.
 37051 | D:13     | Found a huge runed gate.
 37053 | D:13     | Found a huge runed gate.
 37055 | D:13     | Found a huge runed gate.
 37056 | D:13     | Found a huge runed gate.
 37057 | D:13     | Found a huge runed gate.
 37106 | D:13     | Identified the +7 morningstar of Malaise {protect, Dex+10}
 37323 | D:13     | Noticed Azrael
 37337 | D:13     | Reached skill level 5 in Transmutations
 37353 | D:13     | Killed Azrael
 38208 | D:13     | Found a huge runed gate.
 38209 | D:13     | Found a huge runed gate.
 38209 | D:13     | Found a huge runed gate.
 38210 | D:13     | Found a huge runed gate.
 38210 | D:13     | Found a huge runed gate.
 38210 | D:13     | Found a huge runed gate.
 38212 | D:13     | Found a huge runed gate.
 38213 | D:13     | Found a huge runed gate.
 38214 | D:13     | Found a huge runed gate.
 38215 | D:13     | Found a huge runed gate.
 38266 | D:13     | Found a huge runed gate.
 38266 | D:13     | Found a huge runed gate.
 38266 | D:13     | Found a huge runed gate.
 38266 | D:13     | Found a huge runed gate.
 38266 | D:13     | Found a huge runed gate.
 38267 | D:13     | Found a huge runed gate.
 39432 | D:14     | Identified the +5 quarterstaff "Kussah" {holy, *Corrode Fly
                  | rPois}
 40979 | D:10     | Bought a ring of wizardry for 420 gold pieces
 40979 | D:10     | Bought a +4 ring of protection for 504 gold pieces
 41196 | D:14     | Cast into level 3 of the Abyss (a wizard)
 41260 | Abyss:3  | Noticed a tentacled starspawn
 41289 | Abyss:3  | Gained mutation: Your body sometimes deteriorates upon
                  | taking damage. [a neqoxec]
 41297 | Abyss:3  | Slain by an efreet

Illustrated notes

Levels and vault maps discovered:
D:1:      wander_arrival_peaceful_grave, layout_rooms, solitary_fountain
D:2:      layout_basic, minmay_tripent, uniq_jessica
D:3:      layout_basic, lemuel_round_altar, mainiacjoe_overflow_alcove_1,
          mainiacjoe_overflow_24_doors, uniq_natasha
D:4:      layout_rooms, mainiacjoe_overflow_alcove_4, minmay_strange_pillars
D:5:      layout_loops_cross, kennysheep_mini_moat, general_overflow_altar,
          nicolae_elyvilon_temple_path, chequers_serial_rivers_micro_e,
          nicolae_elemental_shop, nicolae_sextant, wad_floor_pattern_untrapped,
          hangedman_feature_mirror, corexii_hall_statues_deadend
D:6:      layout_cave_pods
D:7:      layout_rooms, minmay_temple_entry_waves, uniq_prince_ribbit1
D:8:      layout_basic, nicolae_overflow_hidden_temple,
          grunt_temple_overflow_holy_war, bloody_trog, lair_entry_dummy,
          water_boxes_lemuel, uniq_pikel
D:9:      layout_loops_cross
D:10:     layout_long_grid, nicolae_qazlal_style_of_elements,
          mainiacjoe_overflow_catwalk, enter_bailey_1, serial_shops,
          nicolae_shop_crystal
D:11:     layout_cave_pools, serial_park, serial_park_tiny_1,
          serial_park_fountain, serial_park_tiny_1
D:12:     layout_basic
D:13:     layout_roguey, grunt_vaults_entry_fortified, trove_entry_hex_spiral,
          minivault_11, door_vault, uniq_azrael
D:14:     minmay_big_diamond_grid, layout_loops_ring, chequers_big_river
Temple:   nicolae_temple_figure_zero
Lair:1:   layout_small_grid, ebering_ghost_funeral_grove,
          chequers_serial_rivers_room_b
Lair:2:   layout_loops_ring, basic_altar, serial_bayou_pond_e
Lair:3:   layout_misc_corridors, shoals_dummy_entry, dummy_snake_entry,
          minmay_lair_oklob_items, kennysheep_rathole
Lair:4:   cheibrodos_magma_flow, layout_regular_city, minmay_lair_oklob_chamber,
          serial_bayou_shore_b
Lair:5:   layout_cave_pods, minmay_slime_entry_pillars
Orc:1:    layout_caves, uniq_maurice, uniq_erica
Orc:2:    pf_orc_diabolical, layout_caves, serial_shops, nicolae_diamond_shop,
          minmay_orc_temple_b
Abyss:3:  base: D:15, evilmike_abyss_exit_plants,
          dshaligram_kb_abyss_rune_zappy_water_cross,
          evilmike_abyss_exit_plants, minivault_20, evilmike_abyss_exit_12,
          minivault_24, base:
D:15

Skill      XL: |  1  2  3  4  5  6  7  8  9 10 11 12 13 14 15 |
---------------+----------------------------------------------+-----
Unarmed Combat | 4 5 6 7 9 11 12 13 15 17 18 19 | 19.5
Fighting       | 7 8 9 |  9.9
Dodging        | 7 8 9 11 13 14 | 14.1
Transmutations | 2 4 7 |  7.3
Spellcasting   | 2 4 |  4.6
Throwing       | |  0.8
Stealth        | |  6.6
Shields        | |  0.1

Action                   |  1- 3 |  4- 6 |  7- 9 | 10-12 | 13-15 || total
-------------------------+-------+-------+-------+-------+-------++-------
Melee: Unarmed           |    10 |    42 |   208 |   469 |   853 ||  1582
       Tentacles         |     4 |     6 |    47 |   137 |   217 ||   411
       Constrict         |     2 |     9 |    48 |    79 |   127 ||   265
       Punch             |       |     1 |    12 |    79 |   147 ||   239
       Trident           |       |       |    27 |   120 |     9 ||   156
       Kick              |       |       |       |       |   258 ||   258
Throw: Dart              |       |     3 |    14 |    64 |    59 ||   140
       Javelin           |       |       |       |       |    19 ||    19
       Throwing net      |       |       |       |       |     4 ||     4
 Cast: Beastly Appendage |       |       |       |       |   183 ||   183
       Wereblood         |       |       |       |       |     8 ||     8
Invok: Call Merchant     |       |       |       |     1 |     2 ||     3
Evoke: Wand              |       |     2 |     3 |    11 |    18 ||    34
  Use: Scroll            |     1 |       |    12 |    11 |    30 ||    54
       Potion            |       |       |     2 |     2 |    10 ||    14
 Stab: Sleeping          |     2 |     6 |    34 |    10 |    10 ||    62
       Fleeing           |       |       |     1 |       |       ||     1
       Distracted        |       |       |       |     4 |     6 ||    10
       Paralysed         |       |       |       |     3 |       ||     3
Armor: Skin              |       |       |    11 |    27 |    84 ||   122
Dodge: Dodged            |     7 |    32 |    89 |   274 |   454 ||   856
Block: Other             |       |       |       |    55 |   115 ||   170
       Reflection        |       |       |       |     1 |     8 ||     9
